 Dungeon Crawl Stone Soup version 0.21.1-1-g345015fe64 (webtiles) character file.

333 Gargoyl the Skirmisher (level 6, -9/54 HPs)
             Began as a Centaur Abyssal Knight on June 19, 2018.
             Was a Believer of Lugonu.
             Splashed by Ijyb's acid (10 damage)
             ... on level 4 of the Dungeon.
             The game lasted 00:05:35 (3100 turns).

Gargoyl the Skirmisher (Centaur Abyssal Knight)     Turns: 3100, Time: 00:05:35

Health: -9/54      AC:  7    Str: 15      XL:     6   Next: 27%
Magic:  0/8        EV:  2    Int:  8 (9)  God:    Lugonu [**....]
Gold:   138        SH:  0    Dex:  7 (10) Spells: 5/5 levels left

rFire    . . .     SeeInvis +   a - +3 hand axe
rCold    . . .     Gourm    .   (no shield)
rNeg     . . .     Faith    .   n - +0 plate armour
rPois    .         Spirit   +   (helmet restricted)
rElec    .         Reflect  .   i - +0 cloak
rCorr    .         Harm     .   (no gloves)
MR       .....                  (no barding)
Stlth    ..........             d - amulet of guardian spirit
HPRegen  0.18/turn              (no ring)
MPRegen  0.11/turn              (no ring)

@: corroded, very quick
A: large, antennae 1, hooves 3, rugged brown scales 1, see invisible, deformed
body, dopey 1, speed 2, tough skin 3
a: Depart the Abyss, Bend Space, Renounce Religion


You were on level 4 of the Dungeon.
You worshipped Lugonu.
Lugonu was pleased with you.
You were very hungry.

You visited 1 branch of the dungeon, and saw 4 of its levels.
You visited the Abyss 1 time.
You also visited: Sewer.

You collected 138 gold pieces.

Inventory:

Hand Weapons
 a - a +3 hand axe (weapon)
Armour
 i - a +0 cloak (worn)
 n - a +0 plate armour (worn)
Jewellery
 d - an amulet of guardian spirit (around neck)
 e - an uncursed ring of protection from magic {unknown}
 k - an uncursed ring of flight
Wands
 b - a wand of iceblast (9)
Scrolls
 h - 4 scrolls of remove curse
 r - 2 scrolls of identify
 u - a scroll of magic mapping {unknown}
 v - a scroll of enchant armour {unknown}
Potions
 g - a potion of cancellation {unknown}
 j - 2 potions of heal wounds {unknown}
 m - a potion of invisibility
 o - a potion of agility {unknown}
Comestibles
 c - 6 rations


   Skills:
 + Level 4.5 Fighting
 + Level 3.6 Axes
 * Level 2.4 Armour
 + Level 1.2 Dodging
 * Level 3.2 Invocations


You had 5 spell levels left.
You didn't know any spells.

Dungeon Overview and Level Annotations

Branches:
Dungeon (4/15)
 Temple: D:4-7

Altars:

Annotations:
D:4 Ijyb


Innate Abilities, Weirdness & Mutations

You have hooves in place of feet.
Armour fits poorly on your strangely shaped body.
You cover ground very quickly.
You have extremely tough skin. (AC +3)
You have a pair of small antennae on your head.
You are partially covered in rugged brown scales. (AC +1, +3% HP)
You have supernaturally acute eyesight. (SInv)
You are dopey. (Int -2)


Message History

Ijyb is heavily wounded.
Ijyb screams, "Get away!"
Ijyb zaps a wand.
The bolt of acid hits you!
* * * LOW HITPOINT WARNING * * *
The acid corrodes you!
You are splashed with acid!
The acid burns!
* * * LOW HITPOINT WARNING * * *
You feel better.
Ijyb zaps a wand.
The bolt of acid misses you.
Ijyb zaps a wand.
The bolt of acid hits you!
* * * LOW HITPOINT WARNING * * *
You are splashed with acid!
The acid burns!
* * * LOW HITPOINT WARNING * * *
Unknown command.
You feel better. Ijyb hits you.
* * * LOW HITPOINT WARNING * * *
It was a potion of magic.
Magic courses through your body.
Ijyb grins evilly.
Ijyb barely misses you.
Ijyb zaps a wand.
The bolt of acid hits you!
* * * LOW HITPOINT WARNING * * *
You are splashed with acid!
The acid burns!
You die...

..... .# ...$.
.# .....###.#
.[........#
..........#
........?)#
..........#
.>..>....@.#####
.........g....#
.......#....#...
..............##
###.##...#....#
#.#..P........
#..#.P..#.....
##.(.##.##....
##.## ..##.#.


You could see Ijyb.

Vanquished Creatures
  Purgy (Sewer)
  A big kobold (Sewer)
  A small abomination (Abyss:3)
  A hound skeleton (D:4)
  5 adders
  3 dart slugs
  A leopard gecko (D:2)
  3 orcs (D:3)
  3 giant cockroaches
  4 hobgoblins
  2 jackals (D:3)
  5 bats
  12 frilled lizards
  7 goblins
  6 kobolds
  9 rats
  A plant (D:2)
65 creatures vanquished.

Notes
Turn   | Place    | Note
-------+----------+-------------------------------------------
     0 | Abyss:1  | Gargoyl the Centaur Abyssal Knight began the quest for the Orb.
     0 | Abyss:1  | Reached XP level 1. HP: 19/19 MP: 2/2
     1 | Abyss:1  | Found a corrupted altar of Lugonu.
    54 | Abyss:3  | Found a corrupted altar of Lugonu.
    57 | Abyss:3  | Noticed a small abomination
    57 | Abyss:3  | Noticed a small abomination
    58 | Abyss:3  | Noticed a cacodemon
    64 | Abyss:3  | Gained mutation: You are dopey. (Int -2) [potion of mutation]
    64 | Abyss:3  | Gained mutation: You have a pair of small antennae on your head. [potion of mutation]
    64 | Abyss:3  | Gained mutation: You have supernaturally acute eyesight. (SInv) [potion of mutation]
    64 | Abyss:3  | Gained mutation: You are partially covered in rugged brown scales. (AC +1, +3% HP) [potion of mutation]
    68 | Abyss:3  | Killed a small abomination
    68 | Abyss:3  | Reached skill level 4 in Fighting
    68 | Abyss:3  | Reached XP level 2. HP: 27/27 MP: 3/3
    68 | Abyss:3  | Reached XP level 3. HP: 33/33 MP: 4/4
    73 | Abyss:3  | Noticed an ancient zyme
    78 | Abyss:3  | Found a snail-covered altar of Cheibriados.
    81 | Abyss:3  | Noticed a large abomination
    97 | Abyss:3  | Noticed a large abomination
   101 | Abyss:3  | Noticed a raiju
   104 | D:1      | Escaped the Abyss
   901 | D:2      | Reached XP level 4. HP: 41/41 MP: 5/5
   987 | D:2      | Reached * piety under Lugonu
   988 | D:2      | Found a faded altar of an unknown god.
  2130 | D:3      | Reached ** piety under Lugonu
  2160 | D:3      | Reached skill level 1 in Dodging
  2390 | D:3      | Reached XP level 5. HP: 48/48 MP: 7/7
  2391 | D:3      | Found a glowing drain.
  2400 | Sewer    | Entered a sewer
  2457 | Sewer    | Noticed Purgy
  2496 | Sewer    | Killed Purgy
  2496 | Sewer    | Reached XP level 6. HP: 27/54 MP: 4/8
  3089 | D:4      | Noticed Ijyb
  3098 | D:4      | HP: 1/54 [acid (8)]
  3100 | D:4      | Splashed by Ijyb's acid

Skill      XL: |  1  2  3  4  5 |
---------------+----------------+-----
Fighting       | 4 |  4.5
Axes           | 2 3 |  3.6
Armour         | 2 |  2.4
Dodging        | 1 |  1.2
Invocations    | 3 |  3.2

Action                   |  1- 3 |  4- 6 || total
-------------------------+-------+-------++-------
Melee: Hand axe          |    38 |   175 ||   213
       Kick              |     5 |    36 ||    41
Invok: Depart the Abyss  |     1 |       ||     1
  Use: Potion            |     2 |     9 ||    11
       Scroll            |     6 |     4 ||    10
 Stab: Invisible         |       |     2 ||     2
  Eat: Chunk             |       |     4 ||     4
Armor: Leather armour    |    17 |       ||    17
       Plate armour      |       |   163 ||   163
       Scale mail        |       |     1 ||     1
       Skin              |       |    67 ||    67
Dodge: Dodged            |    26 |    27 ||    53
